 Dungeon Crawl Stone Soup version 0.21-a0-426-g98080a9 (webtiles) character file.

184 tilp the Shield-Bearer (level 5, 0/49 HPs)
             Began as a Deep Dwarf Fighter on Nov 7, 2017.
             Slain by an iguana (1 damage)
             ... on level 4 of the Dungeon.
             The game lasted 00:06:37 (2315 turns).

tilp the Shield-Bearer (Deep Dwarf Fighter)         Turns: 2315, Time: 00:06:38

Health: 0/49       AC:  7    Str: 20    XL:     5   Next: 36%
Magic:  5/5        EV:  9    Int:  9    God:
Gold:   197        SH:  9    Dex: 12    Spells: 4/4 levels left

rFire    . . .     SeeInvis .   a - +0 war axe
rCold    . . .     Gourm    .   c - +0 shield
rNeg     . . .     Faith    .   b - +0 scale mail
rPois    .         Spirit   .   (no helmet)
rElec    .         Reflect  .   (no cloak)
rCorr    .         Harm     .   (no gloves)
MR       .....                  (no boots)
Stlth    ..........             (no amulet)
HPRegen  0.00/turn              (no ring)
MPRegen  0.09/turn              (no ring)

@: lethally poisoned (0 -> 0), non-regenerating
A: damage resistance, heal wounds, sense surroundings 1, no regeneration
a: Heal Wounds


You were on level 4 of the Dungeon.
You were not hungry.

You visited 1 branch of the dungeon, and saw 4 of its levels.

You collected 197 gold pieces.

Inventory:

Hand Weapons
 a - a +0 war axe (weapon)
Missiles
 g - 73 stones
 p - 7 tomahawks (quivered)
Armour
 b - a +0 scale mail (worn)
 c - a +0 shield (worn)
Wands
 s - a wand of random effects (5/48)
Scrolls
 e - 2 scrolls of identify {unknown}
 i - a scroll of fog {unknown}
 k - 2 scrolls of remove curse {unknown}
 m - 2 scrolls of amnesia {unknown}
 n - 2 scrolls of fear {unknown}
 o - a scroll of enchant weapon {unknown}
 q - a scroll of recharging {unknown}
 t - a scroll of teleportation {unknown}
Potions
 d - a potion of might
 j - a potion of agility
 u - a potion of heal wounds {unknown}
 w - a potion of degeneration {unknown}
Comestibles
 f - a bread ration
 h - 2 fruits
 l - a meat ration
 r - 3 chunks of flesh
 v - a royal jelly


   Skills:
 + Level 3.1 Fighting
 + Level 3.0 Axes
 * Level 4.3 Armour
 * Level 2.7 Dodging
 * Level 4.4 Shields


You had 4 spell levels left.
You didn't know any spells.

Dungeon Overview and Level Annotations

Branches:
Dungeon (4/15)
 Temple: D:4-7

Altars:
Dithmenos


Innate Abilities, Weirdness & Mutations

You are resistant to damage.
You can heal yourself by infusing magical energy.
You passively map a small area around you.
You do not regenerate.


Message History

Throwing (i - inventory. (,) - cycle):
p - 8 tomahawks (quivered)
Press: ? - help, Shift-Dir - straight line, f/p - iguana
Aim: an iguana (lightly wounded)
You throw a tomahawk.
The tomahawk hits the iguana but does no damage.
The iguana is lightly wounded.
You hit the iguana.
The iguana is lightly wounded.
The iguana misses you. The iguana barely misses you.
You hit the iguana.
The iguana is moderately wounded.
The iguana bites you!
* * * LOW HITPOINT WARNING * * *
Unknown command.
You closely miss the iguana.
The iguana is moderately wounded.
The iguana bites you!
* * * LOW HITPOINT WARNING * * *
The iguana bites you.
You die...

, * #. ####..##.##
* ##..##.##..##.#.
,+...............#
#......<...######
, . #.........##,
,* , ..########'##
* , #.........## ,
, , , #.........#,
, , #......@..# ,,
,#......l..# * ,,
* +..(...(..#
#.....(...# ,, , *
* #..(...(..# , *
#.........#
..........# , , *
.#+###.(..# *, , ,


You could see an iguana.

Vanquished Creatures
  A worker ant (D:4)
  9 adders
  An ooze (D:2)
  2 worms (D:3)
  A dart slug (D:3)
  4 leopard geckos
  5 orcs (D:3)
  3 giant cockroaches
  8 hobgoblins
  A quokka (D:3)
  6 bats
  2 frilled lizards
  9 goblins
  7 kobolds
  5 rats
64 creatures vanquished.

Notes
Turn   | Place    | Note
-------+----------+-------------------------------------------
     0 | D:1      | tilp the Deep Dwarf Fighter began the quest for the Orb.
     0 | D:1      | Reached XP level 1. HP: 20/20 MP: 1/1
   598 | D:2      | Found a shadowy altar of Dithmenos.
   599 | D:2      | Reached XP level 2. HP: 22/27 MP: 2/2
   718 | D:2      | Reached skill level 1 in Dodging
   797 | D:2      | Reached XP level 3. HP: 21/33 MP: 3/3
   850 | D:2      | Found a faded altar of an unknown god.
  1417 | D:3      | Reached XP level 4. HP: 25/40 MP: 4/4
  1822 | D:3      | Reached XP level 5. HP: 20/49 MP: 5/5
  2315 | D:4      | HP: 1/49 [iguana (5)]
  2315 | D:4      | Slain by an iguana

Vault maps used:
D:1:      lightli_arrival_noodles
D:2:      chequers_ecumenical_altar_island, grunt_dithmenos_smoke
D:3:      minmay_diamond_boxcup
D:4:      nrook_uturn, minmay_misc_feat_chi, kennysheep_pointless_box,
          uniq_natasha

Skill      XL: |  1  2  3  4  5 |
---------------+----------------+-----
Dodging        | 1 2 |  2.7
Shields        | 4 |  4.4
Fighting       | 3 |  3.1
Armour         | 4 |  4.3
Axes           | 3 |  3.0

Action                   |  1- 3 |  4- 6 || total
-------------------------+-------+-------++-------
Melee: War axe           |    87 |   127 ||   214
Throw: Stone             |    41 |     4 ||    45
       Tomahawk          |       |    39 ||    39
  Use: Potion            |     2 |       ||     2
  Eat: Chunk             |     2 |     3 ||     5
Armor: Scale mail        |    41 |    54 ||    95
Dodge: Dodged            |    28 |    52 ||    80
Block: Shield            |    49 |    66 ||   115

Table legend:
 A = Spawn XP
 B = Non-spawn XP
 C = Spawn XP percentage of total XP
 D = Spawn monster count
 E = Non-spawn monster count
 F = Spawn count percentage of total count
 G = Total turns spent on level
                    A         B        C        D         E        F      G
               +---------+---------+-------+---------+---------+-------+---------
         Total |       0 |     264 |   0.0 |       0 |      64 |   0.0 |  2315
               +---------+---------+-------+---------+---------+-------+---------
           D:1 |       0 |      11 |   0.0 |       0 |       6 |   0.0 |   598
           D:2 |       0 |      79 |   0.0 |       0 |      18 |   0.0 |   683
           D:3 |       0 |     139 |   0.0 |       0 |      38 |   0.0 |   995
           D:4 |       0 |      35 |   0.0 |       0 |       2 |   0.0 |    39
               +---------+---------+-------+---------+---------+-------+---------
